[Event "EICC 2021"]
[Site "Reykjavik"]
[Date "2021.09.05"]
[Round "11.13"]
[White "Thybo, Jesper Sondergaard"]
[Black "Martirosyan, Haik M."]
[Result "1/2-1/2"]
[ECO "E15"]
[WhiteElo "2587"]
[BlackElo "2632"]
[Annotator "ChessBase"]
[PlyCount "90"]
[EventDate "2021.08.26"]
[EventType "swiss"]
[EventCountry "ISL"]
[Tiebreak "Cut1 Buchholz"]
[SourceTitle "playchess.com"]
[Source "ChessBase"]
[SourceQuality "1"]
[TimeControl "40/5400+30:1800+30"]

1. d4 Nf6 2. c4 e6 3. Nf3 b6 4. g3 Ba6 5. Qc2 c5 6. d5 exd5 7. cxd5 Bb7 8. Bg2 Nxd5 9. O-O Be7 10. Rd1 Nc6 11. Qa4 Nf6 12. Nh4 g6 13. Bh6 Bf8 14. Bg5 Be7 15.
Bh6 Bf8 16. Bg5 Be7 17. Nc3 O-O 18. Rd2 a6 19. Nf3 b5 20.
Qf4 Na5 21. Rad1 Bc6 22. Ne5 Bxg2 23. Bxf6 Bxf6 24. Rxd7 Bxe5 25. Qxe5 Nc4 26. Rxd8 Nxe5 27. Rxf8+ Kxf8 28.
Kxg2 Rc8 29. Rd5 Nc4 30. b3 Na3 31. Rd6 a5 32. Ra6 c4 33.
bxc4 Rxc4 34. Nd5 a4 35. Nf6 Rc2 36. e4 Nc4 37. a3 h5 38.
Ra7 Ne3+ 39. Kf3 Ng4 40. Nxg4 hxg4+ 41. Kxg4 Rxf2 42. h4 Re2 43. Kf4 Rf2+ 44. Kg4 Re2 45. Kf4 Rf2+ 1/2-1/2

[Event "EICC 2021"]
[Site "Reykjavik"]
[Date "2021.09.05"]
[Round "11.14"]
[White "Quparadze, Giga"]
[Black "Lagarde, Maxime"]
[Result "1/2-1/2"]
[ECO "B31"]
[WhiteElo "2476"]
[BlackElo "2631"]
[Annotator "RC"]
[PlyCount "132"]
[EventDate "2021.08.26"]
[EventType "swiss"]
[EventCountry "ISL"]
[Tiebreak "Cut1 Buchholz"]
[SourceTitle "playchess.com"]
[Source "ChessBase"]
[SourceQuality "1"]
[TimeControl "40/5400+30:1800+30"]

1. e4 c5 2. Nf3 Nc6 3. Bb5 g6 4. O-O Bg7 5. c3 Nf6 6. Re1 O-O 7. d4 a6 8. Bxc6 dxc6 9. h3 Nd7 10. Be3 cxd4 11. cxd4 h6 12. Nc3 b5 13. Rc1 Bb7 14. e5 c5 15. dxc5 Bxf3 16. Qxf3 Nxe5 17. Qe2 Qd3 18. Rcd1 Qxe2 19. Rxe2 Rfd8 20. Rxd8+ Rxd8 21. Bxh6 Bxh6 22. Rxe5 e6 23. Re1 Rc8 24. Ne4 f5 25. Ng3 Kf7 26. b4 Rd8 27. Nf1 Rd4 28. Rb1 Ke7 29. Rb3 Bc1 30. g3 e5 31. Ne3 e4 32. h4 Kd7 33.
Kg2 Kc6 34. h5 Bxe3 35. fxe3 Rd2+ 36. Kh3 gxh5 37. Ra3 Kb7 38. Kh4 Rd3 39. Rb3 Rd2 40. Kxh5 Rxa2 41. Kg5 Rd2 42. Kxf5 Rd3 43. Rb1 Rxe3 44. g4 Re2 45. Rg1 e3 46. Ke4 Rb2 47. g5 e2 48. g6 Rxb4+ 49. Kf3 Rd4 50. Kxe2 Rd8 51. g7 Rg8 52. Kd3 Kc6 53. Kd4 Rd8+ 54. Kc3 Rg8 55. Rg5 a5 56. Kb3 Kb7 57. Rg6 Ka7 58. Kc3 Kb7 59. Kd4 a4 60. Kc3 a3 61. Kb3 b4 62. Rg2 Kc6 63. Kxb4 a2 64. Rg6+ Kb7 65. Rg1 Kc6 66. Rg6+ Kb7 1/2-1/2

[Event "EICC 2021"]
[Site "Reykjavik"]
[Date "2021.09.05"]
[Round "11.15"]
[White "Paichadze, Luka"]
[Black "Hovhannisyan, Robert"]
[Result "1-0"]
[ECO "C45"]
[WhiteElo "2564"]
[BlackElo "2626"]
[Annotator "ChessBase"]
[PlyCount "129"]
[EventDate "2021.08.26"]
[EventType "swiss"]
[EventCountry "ISL"]
[Tiebreak "Cut1 Buchholz"]
[SourceTitle "playchess.com"]
[Source "ChessBase"]
[SourceQuality "1"]
[TimeControl "40/5400+30:1800+30"]

1. e4 e5 2. Nf3 Nc6 3. d4 exd4 4. Nxd4 Bc5 5. Nb3 Bb6 6.
Qe2 a5 7. a4 d6 8. Be3 Bxe3 9. Qxe3 Nb4 10. Qd2 Nf6 11. Nxa5 Nxc2+ 12. Qxc2 Rxa5 13. Bb5+ c6 14. b4 Ra8 15. Bd3 O-O 16. O-O Ng4 17. Nd2 Qh4 18. Nf3 Qh5 19. a5 Be6 20. a6 bxa6 21. Qxc6 d5 22. Rxa6 Rac8 23. Qb5 Rb8 24. Rb6 Rxb6 25. Qxb6 dxe4 26. Bxe4 g6 27. b5 Ne5 28. Rc1 Nc4 29. Qa6 Rb8 30. Bc6 Qc5 31. h3 Rd8 32. Qa1 h6 33.
Qf6 Rd6 34. Ra1 Nb6 35. Qf4 g5 36. Qe3 Qxe3 37. fxe3 Nc4 38. Kf2 Rd3 39. Nd4 Rd2+ 40. Kf3 Rb2 41. Ke4 Bc8 42. Kd5 Nxe3+ 43. Kc5 Kg7 44. Ra8 Be6 45. b6 Bd5 46. Bxd5 Nxd5 47. Kxd5 Rxb6 48. Ke5 h5 49. Nf5+ Kh7 50. Rf8 Re6+ 51. Kd5 Kg6 52. g4 hxg4 53. hxg4 Ra6 54. Rh8 Ra5+ 55. Kd6 Ra6+ 56. Kc7 f6 57. Rh6+ Kf7 58. Rh7+ Kf8 59. Rd7 Ra4 60. Kd6 Ke8 61. Rb7 Ra6+ 62. Kd5 Ra5+ 63. Ke6 Ra6+ 64. Nd6+ Kf8 65. Rd7 1-0

[Event "EICC 2021"]
[Site "Reykjavik"]
[Date "2021.09.05"]
[Round "11.16"]
[White "Fridman, Daniel"]
[Black "Steingrimsson, Hedinn"]
[Result "1-0"]
[ECO "A33"]
[WhiteElo "2621"]
[BlackElo "2519"]
[Annotator "ChessBase"]
[PlyCount "185"]
[EventDate "2021.08.26"]
[EventType "swiss"]
[EventCountry "ISL"]
[Tiebreak "Cut1 Buchholz"]
[SourceTitle "playchess.com"]
[Source "ChessBase"]
[SourceQuality "1"]
[TimeControl "40/5400+30:1800+30"]

1. c4 c5 2. Nf3 Nc6 3. d4 cxd4 4. Nxd4 Nf6 5. Nc3 e6 6. g3 Qb6 7. Ndb5 Ne5 8. Bf4 Nfg4 9. e3 a6 10. h3 axb5 11. hxg4 Nxc4 12. Qb3 d5 13. Bxc4 dxc4 14. Qxb5+ Qxb5 15. Nxb5 Ra5 16. Nd6+ Bxd6 17. Bxd6 f6 18. e4 e5 19. f3 Kf7 20. Bb4 Ra6 21. a3 h6 22. Rd1 Be6 23.
Rh2 Rc6 24. Bc3 Rhc8 25. Rhd2 Ke8 26. Ke2 R6c7 27. Ba5 Rd7 28. Rd6 Rxd6 29. Rxd6 Bd7 30. Ke3 Rc6 31. Rd5 b6 32. Bb4 Re6 33. Rd2 Bc6 34. Rc2 b5 35. Kd2 Kf7 36. Kc3 Re8 37. Rd2 Re6 38. Bc5 Re8 39. Kb4 Ra8 40. Rd6 Ra4+ 41. Kc3 Be8 42. Rd8 Bc6 43. Rf8+ Ke6 44. Rc8 Bd7 45. Rg8 Kf7 46. Rf8+ Ke6 47. f4 exf4 48. gxf4 Bc6 49. Rd8 Bxe4 50. f5+ Ke5 51. Bd6+ Kd5 52. Bf8+ Ke5 53. Bxg7 Bf3 54. Rd4 h5 55. g5 Kxf5 56. gxf6 Ra7 57. Kb4 Rb7 58. Kc5 Kg5 59. Bf8 Rf7 60. Be7 h4 61. Kxb5 h3 62. Rd2 Bg2 63. Kxc4 Kg4 64. b4 Kf5 65. Bd6 Rxf6 66. Bh2 Rc6+ 67. Kb5 Rc1 68. a4 Rb1 69. Ka5 Ke4 70. b5 Ke3 71. Rd8 Rb2 72. Be5 Ra2 73.
Rh8 Ke4 74. Bc7 Kf5 75. Kb4 Kg4 76. Rg8+ Kf3 77. Rg3+ Kf2 78. Rb3 Ra1 79. a5 Kg1 80. a6 h2 81. Bxh2+ Kxh2 82. Rb2 Kg3 83. Kc5 Be4 84. Kb6 Ra4 85. Ka7 Kf4 86. Rd2 Ke3 87. Rd6 Bg2 88. b6 Kf4 89. b7 Bxb7 90. Kxb7 Ke5 91. Rb6 Kd5 92. a7 Kc5 93. Rb1 1-0

[Event "EICC 2021"]
[Site "Reykjavik"]
[Date "2021.09.05"]
[Round "11.19"]
[White "Saric, Ivan"]
[Black "Horvath, Dominik"]
[Result "1/2-1/2"]
[ECO "B32"]
[WhiteElo "2653"]
[BlackElo "2455"]
[Annotator "ChessBase"]
[PlyCount "88"]
[EventDate "2021.08.26"]
[EventType "swiss"]
[EventCountry "ISL"]
[Tiebreak "Cut1 Buchholz"]
[SourceTitle "playchess.com"]
[Source "ChessBase"]
[SourceQuality "1"]
[TimeControl "40/5400+30:1800+30"]

1. e4 c5 2. Nf3 Nc6 3. d4 cxd4 4. Nxd4 e5 5. Nb5 d6 6. N1c3 a6 7. Na3 Be6 8. Nc4 Rb8 9. g3 h5 10. h4 g6 11. Bg5 f6 12. Bd2 Nge7 13.
Ne3 d5 14. exd5 Nxd5 15. Bg2 Nxc3 16. Bxc3 Qxd1+ 17. Rxd1 Bc5 18. Nd5 Kf7 19. Nc7 Bg4 20. Bd5+ Ke7 21. f3 Rbc8 22. fxg4 Rxc7 23. g5 Rf8 24. gxf6+ Rxf6 25. Rf1 Rxf1+ 26. Kxf1 Rd7 27. Bf3 Rxd1+ 28. Bxd1 Bd4 29. Bxd4 exd4 30. Bf3 Kf6 31. Be4 g5 32. Ke2 Ke5 33. Bg6 Ne7 34. Bxh5 Nf5 35. Bf3 Nxg3+ 36. Kd3 gxh4 37. Bxb7 h3 38. b4 h2 39. a4 h1=Q 40. Bxh1 Nxh1 41. Kc4 Ng3 42. b5 axb5+ 43. axb5 Ne4 44. b6 Kd6 1/2-1/2

[Event "EICC 2021"]
[Site "Reykjavik"]
[Date "2021.09.05"]
[Round "11.20"]
[White "Druska, Juraj"]
[Black "Bartel, Mateusz"]
[Result "1/2-1/2"]
[ECO "E04"]
[WhiteElo "2493"]
[BlackElo "2611"]
[Annotator "ChessBase"]
[PlyCount "76"]
[EventDate "2021.08.26"]
[EventType "swiss"]
[EventCountry "ISL"]
[Tiebreak "Cut1 Buchholz"]
[SourceTitle "playchess.com"]
[Source "ChessBase"]
[SourceQuality "1"]
[TimeControl "40/5400+30:1800+30"]

1. d4 d5 2. c4 e6 3. Nf3 Nf6 4. g3 dxc4 5. Bg2 c6 6. Ne5 Bb4+ 7. Bd2 Be7 8. e3 b5 9. a4 b4 10. O-O O-O 11. Qc2 a5 12. Rd1 Ba6 13.
Be1 Ra7 14. Nd2 c5 15. dxc5 Qc7 16. Ndxc4 Qxc5 17. b3 Nbd7 18.
Qb2 Bxc4 19. Nxc4 Nd5 20. Rac1 Bf6 21. Qe2 Rc8 22. e4 Nc3 23. Bxc3 Bxc3 24. Nd6 Rd8 25. Nb5 Raa8 26. Nxc3 bxc3 27. Rd3 Ne5 28. Rdxc3 Qd4 29. Qe3 Qxe3 30. Rxe3 Rd2 31. Rec3 g5 32. R3c2 Rad8 33. Rxd2 Rxd2 34. Rc5 Rd1+ 35. Bf1 Nf3+ 36. Kg2 g4 37. Rxa5 Kg7 38. Rc5 Ne1+ 1/2-1/2

[Event "EICC 2021"]
[Site "Reykjavik"]
[Date "2021.09.05"]
[Round "11.21"]
[White "Kacharava, Nikolozi"]
[Black "Nguyen, Thai Dai Van"]
[Result "0-1"]
[ECO "C45"]
[WhiteElo "2453"]
[BlackElo "2588"]
[Annotator "ChessBase"]
[PlyCount "92"]
[EventDate "2021.08.26"]
[EventType "swiss"]
[EventCountry "ISL"]
[Tiebreak "Cut1 Buchholz"]
[SourceTitle "playchess.com"]
[Source "ChessBase"]
[SourceQuality "1"]
[TimeControl "40/5400+30:1800+30"]

1. e4 e5 2. Nf3 Nc6 3. d4 exd4 4. Nxd4 Nf6 5. Nxc6 bxc6 6.
e5 Qe7 7. Qe2 Nd5 8. h4 f6 9. c4 Ba6 10. Rh3 Nb6 11. Nd2 fxe5 12. Re3 d6 13.
g3 Qd7 14. Bg2 Be7 15. Ra3 Bc8 16. c5 Nd5 17. Ne4 O-O 18. Bd2 Nf6 19. Ng5 d5 20. Rc1 h6 21. Nf3 Ng4 22. Bh3 Qe8 23. Be3 a5 24. Nd2 Nxe3 25. Bxc8 Qxc8 26. Rxe3 Bf6 27. f3 e4 28. fxe4 Bxb2 29. Rc2 Bd4 30. Rd3 Rf2 31. Qxf2 Bxf2+ 32. Kxf2 Qg4 33. Rf3 dxe4 34. Rc4 Qe6 35. Re3 Rd8 36. Rc2 Qf5+ 37. Ke1 Rd3 38. Rc3 Rxe3+ 39. Rxe3 Qxc5 40. Rxe4 Qa3 41. Rc4 Qxa2 42. Rxc6 a4 43. Rxc7 a3 44. Kd1 Qa1+ 45. Rc1 Qe5 46. Kc2 Qb2+ 0-1

[Event "EICC 2021"]
[Site "Reykjavik"]
[Date "2021.09.05"]
[Round "11.22"]
[White "Can, Emre"]
[Black "Grigorian, Spartak"]
[Result "1-0"]
[ECO "E04"]
[WhiteElo "2569"]
[BlackElo "2448"]
[Annotator "ChessBase"]
[PlyCount "47"]
[EventDate "2021.08.26"]
[EventType "swiss"]
[EventCountry "ISL"]
[Tiebreak "Cut1 Buchholz"]
[SourceTitle "playchess.com"]
[Source "ChessBase"]
[SourceQuality "1"]
[TimeControl "40/5400+30:1800+30"]

1. d4 Nf6 2. c4 e6 3. Nf3 d5 4. g3 dxc4 5. Bg2 c5 6. Qa4+ Nc6 7. Ne5 Bd7 8.
Nxc6 Qb6 9. Nd2 Bxc6 10. Bxc6+ bxc6 11. dxc5 Bxc5 12. O-O Qb5 13. Qxc4 h5 14. Qc2 h4 15. a4 Qb4 16. Nc4 hxg3 17. hxg3 Bxf2+ 18. Kxf2 Ng4+ 19. Kg1 Rh3 20. Bf4 g5 21. Bd6 O-O-O 22. Qe4 Qb7 23. Rf3 f5 24. Rxf5 1-0

[Event "EICC 2021"]
[Site "Reykjavik"]
[Date "2021.09.05"]
[Round "11.23"]
[White "Sebenik, Matej"]
[Black "Suleymanli, Aydin"]
[Result "1-0"]
[ECO "E04"]
[WhiteElo "2492"]
[BlackElo "2536"]
[Annotator "ChessBase"]
[PlyCount "77"]
[EventDate "2021.08.26"]
[EventType "swiss"]
[EventCountry "ISL"]
[Tiebreak "Cut1 Buchholz"]
[SourceTitle "playchess.com"]
[Source "ChessBase"]
[SourceQuality "1"]
[TimeControl "40/5400+30:1800+30"]

1. Nf3 d5 2. d4 Nf6 3. c4 e6 4. g3 dxc4 5. Bg2 Bb4+ 6. Bd2 a5 7. Qc2 Bxd2+ 8. Qxd2 c6 9. a4 Ne4 10. Qc1 Nd6 11. Ne5 Na6 12. Nd2 Nb4 13.
O-O O-O 14. Ndxc4 Nf5 15. Rd1 f6 16. Nf3 b6 17. e4 Ne7 18.
Qc3 Kh8 19. Qb3 Ra7 20. Rd2 f5 21. Re1 fxe4 22. Rxe4 Nf5 23. Nfe5 Ba6 24. Ne3 c5 25. Nxf5 exf5 26. Ng6+ hxg6 27. Rh4+ Qxh4 28. gxh4 Rd7 29. Qe6 Rxd4 30. Rxd4 cxd4 31. Qxb6 d3 32. Qxa5 Rc8 33. Bf3 Rc4 34. h5 gxh5 35. Qxf5 Kg8 36. Qxh5 Rf4 37. Qe8+ Rf8 38. Qe6+ Kh8 39. Be4 1-0

[Event "EICC 2021"]
[Site "Reykjavik"]
[Date "2021.09.05"]
[Round "11.24"]
[White "Gretarsson, Helgi Ass"]
[Black "Plat, Vojtech"]
[Result "1-0"]
[ECO "D07"]
[WhiteElo "2447"]
[BlackElo "2531"]
[Annotator "ChessBase"]
[PlyCount "95"]
[EventDate "2021.08.26"]
[EventType "swiss"]
[EventCountry "ISL"]
[Tiebreak "Cut1 Buchholz"]
[SourceTitle "playchess.com"]
[Source "ChessBase"]
[SourceQuality "1"]
[TimeControl "40/5400+30:1800+30"]

1. d4 d5 2. c4 Nc6 3. Nf3 Bg4 4. Nc3 Bxf3 5. gxf3 dxc4 6. d5 Ne5 7. Qd4 Nd7 8. Qxc4 Nb6 9. Qb3 g6 10. e4 Bg7 11. Bb5+ Kf8 12. Be3 Nf6 13.
a4 Nbd7 14. Be2 b6 15. f4 Nc5 16. Qc2 Qd7 17. O-O-O Ng4 18. Bxc5 bxc5 19. h3 Nh6 20. Bb5 Qc8 21. Ne2 Rb8 22. b3 a6 23. Bc4 Qb7 24. Kb1 Qb6 25.
Ka2 Qf6 26. e5 Qb6 27. Ng3 Rg8 28. Rhe1 Qa5 29. Qd3 Rb4 30. Rc1 Bh8 31. Re2 Kg7 32. f5 Rgb8 33. f4 gxf5 34. Ka1 R4b6 35. d6 cxd6 36. Nxf5+ Nxf5 37. Qxf5 dxe5 38. Qxf7+ Kh6 39. fxe5 Rg6 40.
Qf4+ Kg7 41. Qf7+ Kh6 42. Qxe7 Qd8 43. Qxc5 Qg5 44. Rce1 Qh4 45. Ka2 Rd8 46. Qe3+ Kg7 47. Bd3 Rg3 48. Qa7+ 1-0

[Event "EICC 2021"]
[Site "Reykjavik"]
[Date "2021.09.05"]
[Round "11.25"]
[White "Vogel, Roven"]
[Black "Ferreira, Jorge Viterbo"]
[Result "1/2-1/2"]
[ECO "E43"]
[WhiteElo "2441"]
[BlackElo "2520"]
[Annotator "ChessBase"]
[PlyCount "85"]
[EventDate "2021.08.26"]
[EventType "swiss"]
[EventCountry "ISL"]
[Tiebreak "Cut1 Buchholz"]
[SourceTitle "playchess.com"]
[Source "ChessBase"]
[SourceQuality "1"]
[TimeControl "40/5400+30:1800+30"]

1. d4 Nf6 2. c4 e6 3. Nc3 Bb4 4. e3 b6 5. Bd3 Bb7 6. Nge2 Bxg2 7. Rg1 Bf3 8.
Qc2 Nc6 9. Rg3 Bxe2 10. Qxe2 g6 11. Bd2 Nh5 12. Rg2 Qh4 13.
O-O-O O-O-O 14. Kb1 Kb8 15. a3 Bxc3 16. Bxc3 Ne7 17. Rc1 f5 18. f3 Rhe8 19. a4 c5 20. Be1 Qf6 21. dxc5 bxc5 22. Bc3 e5 23. a5 Nc6 24. Qd1 Qd6 25. Rd2 Qc7 26. Qa4 Ka8 27. Rcd1 d6 28. Bf1 Re6 29. f4 e4 30. Be2 Nf6 31. h3 Rb8 32. Rg1 Ng8 33.
Qa3 Nge7 34. Qa4 Nb4 35. Bxb4 Rxb4 36. Qe8+ Qc8 37. Qf7 h5 38. Rgd1 Qd7 39. Rd5 Qb7 40. R5d2 Qd7 41. Rd5 Qb7 42. R5d2 Qd7 43. Rd5 1/2-1/2

[Event "EICC 2021"]
[Site "Reykjavik"]
[Date "2021.09.05"]
[Round "11.26"]
[White "Nagy, Gabor"]
[Black "Mazur, Stefan"]
[Result "1-0"]
[ECO "E61"]
[WhiteElo "2518"]
[BlackElo "2416"]
[Annotator "ChessBase"]
[PlyCount "103"]
[EventDate "2021.08.26"]
[EventType "swiss"]
[EventCountry "ISL"]
[Tiebreak "Cut1 Buchholz"]
[SourceTitle "playchess.com"]
[Source "ChessBase"]
[SourceQuality "1"]
[TimeControl "40/5400+30:1800+30"]

1. d4 Nf6 2. c4 g6 3. Nc3 Bg7 4. Nf3 O-O 5. Bg5 b6 6. e4 Bb7 7. Bd3 d6 8. Qd2 Nbd7 9. O-O c5 10. d5 a6 11. a4 e5 12. dxe6 fxe6 13.
Rad1 Ne5 14. Bb1 Nf7 15. Bf4 Nh5 16. Be3 Qe7 17. Ng5 Rad8 18.
Nxf7 Qxf7 19. f4 Bxc3 20. bxc3 Bc6 21. f5 e5 22. Bh6 Rfe8 23.
fxg6 Qxg6 24. Rf5 Kh8 25. Rg5 Qxh6 26. Rg8+ Kxg8 27. Qxh6 Nf4 28. Rxd6 Rxd6 29. Qxd6 Re6 30. Qd8+ Kf7 31.
Bc2 Rf6 32. g3 Nh3+ 33. Kg2 Nf2 34. Qc7+ Kg6 35. Qc8 h5 36. h3 a5 37. g4 hxg4 38. hxg4 Bxe4+ 39. Bxe4+ Nxe4 40. Qe8+ Rf7 41. Qxe5 Rf2+ 42. Kg1 Nf6 43. Qd6 Kg5 44. Qxb6 Ne4 45. Qxa5 Kxg4 46. Qd8 Re2 47. Qd1 Ng3 48. a5 Kf4 49. Qd6+ Kf3 50. Qd5+ Ne4 51. Qd3+ Re3 52. Qxe3+ 1-0

[Event "EICC 2021"]
[Site "Reykjavik"]
[Date "2021.09.05"]
[Round "11.27"]
[White "Sokolovsky, Yahli"]
[Black "Kozak, Adam"]
[Result "1-0"]
[ECO "B28"]
[WhiteElo "2415"]
[BlackElo "2504"]
[Annotator "ChessBase"]
[PlyCount "125"]
[EventDate "2021.08.26"]
[EventType "swiss"]
[EventCountry "ISL"]
[Tiebreak "Cut1 Buchholz"]
[SourceTitle "playchess.com"]
[Source "ChessBase"]
[SourceQuality "1"]
[TimeControl "40/5400+30:1800+30"]

1. e4 c5 2. Nf3 a6 3. c3 b5 4. d4 cxd4 5. cxd4 Bb7 6. Bd3 Nf6 7. Qe2 e6 8. a4 Nc6 9. e5 Nd5 10. Nc3 Ncb4 11. Be4 Nxc3 12. bxc3 Bxe4 13. Qxe4 Nd5 14. Bd2 b4 15. c4 Nb6 16. Bg5 Be7 17. Bxe7 Kxe7 18. Nd2 a5 19. O-O Qc8 20. d5 Kf8 21. Qd4 Rb8 22. dxe6 fxe6 23. Rfe1 Qc6 24. Re3 h6 25. Qg4 g5 26. h4 Rg8 27. Qh5 Ke7 28. Qxh6 Rbf8 29. hxg5 Rh8 30. Qg7+ Kd8 31. Rf3 Rfg8 32. Qf6+ Kc7 33. Qf4 Rh5 34. Ne4 Rgh8 35. Rh3 Rxh3 36. gxh3 Rxh3 37. g6 Rh8 38. f3 Qa8 39. Nf6 Qf8 40. Kg2 b3 41. c5 Nd5 42. Nxd5+ exd5 43. Qxf8 Rxf8 44. Rb1 Rg8 45. Rxb3 Rxg6+ 46. Kf2 Rh6 47. Rb5 Rh2+ 48. Ke3 d4+ 49. Ke4 Rd2 50. Rxa5 d3 51. Ra7+ Kc6 52. Ra6+ Kxc5 53. Rd6 Kc4 54. Rxd7 Re2+ 55. Kf5 d2 56. f4 Kc3 57. e6 Re1 58. a5 d1=Q 59. Rxd1 Rxd1 60. e7 Re1 61. Kf6 Kd4 62. Kf7 Re4 63. e8=Q 1-0

[Event "EICC 2021"]
[Site "Reykjavik"]
[Date "2021.09.05"]
[Round "11.29"]
[White "Abasov, Nijat"]
[Black "Petenyi, Tamas"]
[Result "1-0"]
[ECO "B06"]
[WhiteElo "2656"]
[BlackElo "2463"]
[Annotator "ChessBase"]
[PlyCount "87"]
[EventDate "2021.08.26"]
[EventType "swiss"]
[EventCountry "ISL"]
[Tiebreak "Cut1 Buchholz"]
[SourceTitle "playchess.com"]
[Source "ChessBase"]
[SourceQuality "1"]
[TimeControl "40/5400+30:1800+30"]

1. e4 g6 2. d4 Bg7 3. Nc3 d6 4. Be3 Nc6 5. d5 Nb8 6. Be2 Nf6 7. Nf3 Bg4 8.
Nd2 Bxe2 9. Qxe2 O-O 10. O-O c6 11. a4 cxd5 12. exd5 Nbd7 13. a5 a6 14. Nc4 Rc8 15. Rfd1 Qc7 16. Ra4 Rfe8 17. Rb4 e6 18. dxe6 Rxe6 19. Qf3 d5 20. Nxd5 Nxd5 21. Rxd5 Bf8 22. Ra4 Qc6 23. b3 Nf6 24. Rd1 Ne4 25. Bd4 Qe8 26. Raa1 f5 27. h3 Rd8 28. Bb6 Rc8 29. Rd3 Rxb6 30. axb6 Bc5 31. Ne3 Bxb6 32. Rad1 Qe6 33. c4 Re8 34. g3 Kh8 35. Kg2 Qe5 36. b4 Qb2 37. c5 Bc7 38. Nc4 Qxb4 39. Nd6 Bxd6 40. cxd6 Rd8 41. Rd4 Qb6 42. Rxe4 fxe4 43. Qc3+ Kg8 44. Qc7 1-0

[Event "EICC 2021"]
[Site "Reykjavik"]
[Date "2021.09.05"]
[Round "11.30"]
[White "Banusz, Tamas"]
[Black "Kjartansson, Gudmundur"]
[Result "1-0"]
[ECO "D02"]
[WhiteElo "2631"]
[BlackElo "2470"]
[Annotator "ChessBase"]
[PlyCount "61"]
[EventDate "2021.08.26"]
[EventType "swiss"]
[EventCountry "ISL"]
[Tiebreak "Cut1 Buchholz"]
[SourceTitle "playchess.com"]
[Source "ChessBase"]
[SourceQuality "1"]
[TimeControl "40/5400+30:1800+30"]

1. d4 Nf6 2. Nf3 e6 3. Bf4 d5 4. e3 c5 5. Nbd2 Nc6 6. c3 Bd6 7. Bg3 O-O 8. Bb5 Be7 9. dxc5 Bxc5 10. O-O Nh5 11. c4 Nxg3 12. hxg3 Qb6 13. cxd5 Qxb5 14. dxc6 Qxc6 15. Qc2 Qb5 16. Rfd1 Be7 17. Ne4 h6 18. Rac1 Re8 19. Nd6 Bxd6 20. Rxd6 e5 21. a4 Qa5 22. Qc7 Qxc7 23. Rxc7 Kf8 24. b4 b6 25. Rd5 f6 26. Nh4 Kg8 27. Ng6 Be6 28.
Rd6 Kh7 29. Ne7 Bc8 30. f3 h5 31. Rdc6 1-0

[Event "EICC 2021"]
[Site "Reykjavik"]
[Date "2021.09.05"]
[Round "11.31"]
[White "Saraci, Nderim"]
[Black "Ter-Sahakyan, Samvel"]
[Result "1/2-1/2"]
[ECO "E11"]
[WhiteElo "2455"]
[BlackElo "2624"]
[Annotator "RC"]
[PlyCount "103"]
[EventDate "2021.08.26"]
[EventType "swiss"]
[EventCountry "ISL"]
[Tiebreak "Cut1 Buchholz"]
[SourceTitle "playchess.com"]
[Source "ChessBase"]
[SourceQuality "1"]
[TimeControl "40/5400+30:1800+30"]

1. d4 Nf6 2. Nf3 d5 3. c4 e6 4. g3 Bb4+ 5. Bd2 a5 6. Bg2 O-O 7. Qc2 c5 8. cxd5 cxd4 9. Nxd4 Qb6 10. e3 exd5 11. O-O Nc6 12. Nxc6 bxc6 13. Rc1 Rb8 14. Nc3 h5 15. Na4 Qd8 16. Bxb4 Rxb4 17. b3 h4 18. a3 Rb8 19. Qxc6 Rxb3 20. Qc7 Qxc7 21. Rxc7 h3 22. Bf1 Bf5 23. Nc3 Rc8 24. Rxc8+ Bxc8 25. Nxd5 Nxd5 26. Bc4 Rc3 27. Bxd5 Ba6 28. Bf3 f5 29. Bd5+ Kf8 30. e4 Bd3 31. exf5 Bxf5 32. f4 Ke7 33. Kf2 Rc2+ 34. Ke3 Rxh2 35. Bf3 Rb2 36. Re1 h2 37. g4 Bd7 38. f5 Kf6 39. Kf4 Rf2 40. Kg3 Rxf3+ 41. Kxf3 Bc6+ 42. Kf4 h1=Q 43. g5+ Kf7 44. Rxh1 Bxh1 45. Ke5 Bf3 46. f6 g6 47. Kd6 Ke8 48. Kc7 Bd5 49. Kd6 Bb3 50. Kc7 Kf7 51. Kd6 Ba4 52. Ke5 1/2-1/2

[Event "EICC 2021"]
[Site "Reykjavik"]
[Date "2021.09.05"]
[Round "11.32"]
[White "Blohberger, Felix"]
[Black "Gajewski, Grzegorz"]
[Result "0-1"]
[ECO "B11"]
[WhiteElo "2502"]
[BlackElo "2617"]
[Annotator "ChessBase"]
[PlyCount "70"]
[EventDate "2021.08.26"]
[EventType "swiss"]
[EventCountry "ISL"]
[Tiebreak "Cut1 Buchholz"]
[SourceTitle "playchess.com"]
[Source "ChessBase"]
[SourceQuality "1"]
[TimeControl "40/5400+30:1800+30"]

1. e4 c6 2. Nf3 d5 3. Nc3 Bg4 4. h3 Bxf3 5. Qxf3 e6 6. Be2 Nf6 7. O-O Be7 8. Rd1 d4 9. Nb1 h5 10. d3 c5 11. Qg3 Nc6 12. e5 Nd5 13.
Qxg7 Kd7 14. Bf3 Rg8 15. Qxf7 Nxe5 16. Qxh5 Nxf3+ 17. Qxf3 Qc7 18. c4 Raf8 19. Qe2 Nf4 20. Bxf4 Qxf4 21. Nd2 Bd6 22. Nf1 Qh4 23. Re1 Qxh3 24. Qe4 Rf3 25. Qxb7+ Bc7 26. g3 Rgf8 27. Re2 Qf5 28. Qe4 Qf7 29. Nh2 Rxf2 30. Rae1 Bxg3 31. Ng4 Rxe2 32. Qxe2 Rg8 33. Rf1 Bf4 34. Qf3 Qh5 35. Kf2 Qh4+ 0-1

[Event "EICC 2021"]
[Site "Reykjavik"]
[Date "2021.09.05"]
[Round "11.33"]
[White "Parligras, Mircea-Emilian"]
[Black "Thorfinnsson, Bragi"]
[Result "1-0"]
[ECO "D37"]
[WhiteElo "2591"]
[BlackElo "2439"]
[Annotator "ChessBase"]
[PlyCount "59"]
[EventDate "2021.08.26"]
[EventType "swiss"]
[EventCountry "ISL"]
[Tiebreak "Cut1 Buchholz"]
[SourceTitle "playchess.com"]
[Source "ChessBase"]
[SourceQuality "1"]
[TimeControl "40/5400+30:1800+30"]

1. d4 Nf6 2. c4 e6 3. Nf3 d5 4. Nc3 a6 5. cxd5 exd5 6. Qb3 b5 7. Bg5 Be6 8. Bxf6 Qxf6 9. a4 b4 10. Nxd5 Qd8 11. e4 c6 12. Qe3 cxd5 13.
exd5 Qxd5 14. Rc1 Be7 15. Bd3 Ra7 16. Be4 Qd7 17. d5 Bxd5 18.
Ne5 Qd6 19. Bxd5 Qxd5 20. Rc8+ Bd8 21. Nc6+ Kd7 22. Qxa7+ Kxc8 23. Qxb8+ Kd7 24. Qb7+ Bc7 25. O-O Qd6 26. g3 h5 27. Rc1 h4 28. Nxb4 hxg3 29. hxg3 Rb8 30. Rxc7+ 1-0

[Event "EICC 2021"]
[Site "Reykjavik"]
[Date "2021.09.05"]
[Round "11.34"]
[White "Kulaots, Kaido"]
[Black "Lubbe, Nikolas"]
[Result "0-1"]
[ECO "D35"]
[WhiteElo "2548"]
[BlackElo "2427"]
[Annotator "ChessBase"]
[PlyCount "56"]
[EventDate "2021.08.26"]
[EventType "swiss"]
[EventCountry "ISL"]
[Tiebreak "Cut1 Buchholz"]
[SourceTitle "playchess.com"]
[Source "ChessBase"]
[SourceQuality "1"]
[TimeControl "40/5400+30:1800+30"]

1. d4 d5 2. c4 e6 3. Nc3 Nf6 4. cxd5 exd5 5. Bg5 Be7 6. e3 O-O 7. Bd3 Re8 8. Nge2 c6 9. O-O Nbd7 10. f3 Nf8 11. Kh1 a6 12. a4 Ne6 13.
Bxf6 Bxf6 14. a5 g6 15. Bc2 Qd6 16. Qd2 Bg7 17. Na4 Bd7 18.
Rad1 Rad8 19. Nb6 Bh6 20. Qc3 Nc7 21. Nxd7 Rxe3 22. Nc5 Rxc3 23. bxc3 Re8 24. Bd3 Re3 25. Nxb7 Qe7 26. Rf2 Qa3 27. g3 Bf8 28. Kg2 Qa4 0-1

[Event "EICC 2021"]
[Site "Reykjavik"]
[Date "2021.09.05"]
[Round "11.35"]
[White "Kobo, Ori"]
[Black "Martinovic, Sasa"]
[Result "1/2-1/2"]
[ECO "C07"]
[WhiteElo "2490"]
[BlackElo "2548"]
[Annotator "ChessBase"]
[PlyCount "43"]
[EventDate "2021.08.26"]
[EventType "swiss"]
[EventCountry "ISL"]
[Tiebreak "Cut1 Buchholz"]
[SourceTitle "playchess.com"]
[Source "ChessBase"]
[SourceQuality "1"]
[TimeControl "40/5400+30:1800+30"]

1. e4 e6 2. d4 d5 3. Nd2 c5 4. exd5 Qxd5 5. Ngf3 cxd4 6. Bc4 Qd6 7. O-O Nf6 8. Nb3 Nc6 9. Nbxd4 Nxd4 10. Nxd4 Qc7 11. Bb3 Bd7 12. c3 Bd6 13. h3 O-O 14. Qe2 Bh2+ 15. Kh1 Bf4 16. Re1 Rfd8 17. Bxf4 Qxf4 18. Rad1 Bc6 19. Nxc6 bxc6 20. Kg1 Qc7 21. Qc4 Qb6 22. Qe2 1/2-1/2